 Dungeon Crawl Stone Soup version 0.15.2 (webtiles) character file.

4615 kae the Martial Artist (level 10, -1/71 HPs)
             Began as a Pale Draconian Transmuter on Jan 23, 2015.
             Was a Follower of Ashenzari.
             Slain by a spiny frog (10 damage)
             ... on Level 1 of the Lair of Beasts.
             The game lasted 00:16:55 (11063 turns).

kae the Martial Artist (Pale Draconian Transmuter) Turns: 11063, Time: 00:16:55

HP  -1/71        AC  9     Str 12      XL: 10   Next: 19%
MP  25/25        EV 12     Int 13      God: Ashenzari [*.....]
Gold 331         SH  6     Dex 16      Spells:  4 memorised,  2 levels left

rFire  . . .     SeeInvis .       - Unarmed
rCold  . . .     Clarity  .     (armour unavailable)
rNeg   . . .     rCorr    .     g - +0 buckler
rPois  .         rRot     .     (helmet restricted)
rElec  .         Spirit   .     (no cloak)
SustAb .         Warding  .     k - +1 pair of gloves (curse)
rMut   .         Stasis   .     (boots unavailable)
Gourm  .                        (no amulet)
MR     .....                    l - cursed ring of magical power
                                t - cursed ring of stealth

@: lethally poisoned, appendage, not resistant to hostile enchantments, fairly
stealthy
A: breathe steam, unfitting armour, talons 3, cold-blooded, AC +7
a: Breathe Steam, End Transformation, Renounce Religion


You were on level 1 of the Lair of Beasts.
You worshipped Ashenzari.
Ashenzari was aware of your devotion.
You were hungry.
You had grown temporary talons.
You visited 3 branches of the dungeon, and saw 10 of its levels.

You collected 331 gold pieces.

Inventory:

Hand weapons
 c - a +1 spear
Missiles
 b - 112 arrows
 s - 7 arrows of frost
Armour
 g - a +0 buckler (worn)
 k - a cursed +1 pair of gloves (worn)
Magical devices
 B - a wand of draining (1)
 J - a wand of fireball (6) {unknown}
Comestibles
 a - 7 bread rations
 i - 5 meat rations
 z - a royal jelly
 A - a beef jerky
 C - 2 fruits
Scrolls
 j - a scroll of magic mapping
 m - a scroll of remove curse
 o - a scroll of noise
 q - 2 scrolls of teleportation
 r - 2 scrolls of enchant armour
 y - 2 scrolls of recharging
 E - a scroll of curse jewellery
 G - a scroll of identify
Jewellery
 e - an uncursed ring of positive energy
 l - a cursed ring of magical power (right hand)
 t - a cursed ring of stealth (left hand)
 v - a +4 ring of strength
Potions
 f - 2 potions of brilliance
 h - 2 potions of lignification
 n - a potion of magic {unknown}
 p - a potion of cure mutation {unknown}
 u - a potion of degeneration {unknown}
 w - 3 potions of heal wounds {unknown}
 D - a potion of restore abilities {unknown}
 F - 2 potions of agility
 H - a potion of haste {unknown}
 I - a potion of poison {unknown}
Books
 d - a book of Changes

   Spells                             Type                      Level
   *Beastly Appendage                 Transmutation                1
   *Sticks to Snakes                  Transmutation                2
   *Spider Form                       Transmutation/Poison         3
   Ice Form                           Ice/Transmutation            4
   *Blade Hands                       Transmutation                5
 x - a book of Burglary

   Spells                             Type                      Level
   Swiftness                          Charms/Air                   2
   Passwall                           Transmutation/Earth          3
   Passage of Golubria                Translocation                4
   Lee's Rapid Deconstruction         Earth                        5
   Invisibility                       Hexes                        6
   Darkness                           Hexes                        7


   Skills:
 - Level 1.1 Fighting
 - Level 1.7 Dodging
 + Level 6.6 Shields
 * Level 11.2 Unarmed Combat
 - Level 2.0 Spellcasting
 + Level 7.9 Transmutations


You had 2 spell levels left.
You knew the following spells:

 Your Spells              Type           Power        Failure   Level  Hunger
a - Beastly Appendage     Trmt           ###...       1%          1    ##.....
b - Sticks to Snakes      Trmt           ###.......   1%          2    ###....
c - Spider Form           Trmt/Pois      ##........   17%         3    ####...
d - Blade Hands           Trmt           ###.......   34%         5    ######.


Dungeon Overview and Level Annotations

Branches:
Dungeon (8/15)             Temple (1/1) D:6            Lair (1/8) D:8

Altars:
Ashenzari
Cheibriados
Dithmenos
Elyvilon
Fedhas
Okawaru
Sif Muna
Trog
Yredelemnul
The Shining One


Innate Abilities, Weirdness & Mutations

You can breathe blasts of scalding steam.
Your pale cyan-grey scales are hard (AC +7).
Your body does not fit into most forms of armour.
Your cold-blooded metabolism reacts poorly to cold.
You have claws for feet.


Message History

You barely miss the spiny frog.
The spiny frog is heavily wounded.
You feel sick. The spiny frog completely misses you.
You barely miss the spiny frog. Your kick misses the spiny frog.
The spiny frog is heavily wounded.
You feel sick. The spiny frog stings you!
You hit the spiny frog.
The spiny frog is heavily wounded.
You feel sick. The spiny frog closely misses you.
You hit the spiny frog but do no damage.
The spiny frog is heavily wounded.
You feel sick. The spiny frog stings you!
* * * LOW HITPOINT WARNING * * *
You are more poisoned.
The spiny frog poisons you!
You closely miss the spiny frog.
The spiny frog is heavily wounded.
* * * LOW HITPOINT WARNING * * *
You feel sick. The spiny frog stings you!
You die...

...........###......##..
#.##.....#..........##.
#........##.....##.###.
##......##......PP..P#.
###............##......#.
###
#........##.....##.####..
#####.###.......##..#..#.#.#
##.
........#.....#.###.#...####
#..
..............#F@##..#..##
##.
...######.........#.###..#
####% .. ##....###.##.#...#
#.#.. . #....# #####..##
##... ##...## ####..## #...
#....# #.##.#.# #... #...##
#...#### ##..# ##.## ##..##
#..## ### ##...# #..P#


You could see a spiny frog.

Vanquished Creatures
  The ghost of emiel the Slicer, an experienced HaAs of Okawaru (D:5)
  A spiny frog (Lair:1)
  A hippogriff (Lair:1)
  A wyvern (D:8)
  A wandering mushroom (D:8)
  3 sky beasts
  3 water moccasins (Lair:1)
  2 ice beasts
  An orc warrior (D:7)
  2 phantoms
  A big kobold (D:7)
  Duvessa (D:8)
  4 ogres
  2 centaurs
  4 giant frogs
  A scorpion (D:3)
  A hippogriff zombie (D:7)
  3 vampire bats (D:3)
  A water moccasin skeleton (D:6)
  A yak skeleton (D:8)
  4 wights (D:7)
  Dowan (D:8)
  2 crimson imps (D:7)
  2 goliath beetles
  A giant frog zombie (D:5)
  5 hounds
  3 jellies
  4 iguanas
  3 worker ants
  2 orc priests
  9 orc wizards
  12 adders
  6 gnolls
  An orc zombie (D:8)
  4 shadow imps
  5 worms
  4 giant mites
  4 adder skeletons
  An iguana skeleton (D:6)
  2 giant geckos
  An ooze (D:4)
  26 orcs
  A ball python (D:7)
  19 bats
  A bat skeleton (D:5)
  A bat zombie (D:6)
  5 giant cockroaches
  14 goblins
  18 hobgoblins
  12 jackals
  15 kobolds
  5 quokkas
  12 giant newts
  A hobgoblin skeleton (D:4)
  A kobold skeleton (D:5)
  A kobold zombie (D:7)
  2 orc skeletons (D:7)
  A quokka skeleton (D:4)
  12 rats
  2 rat zombies
  A spectral orc (D:5)
  A ballistomycete (D:8)
  2 fungi (D:8)
264 creatures vanquished.

Vanquished Creatures (others)
  A giant spore (D:8)
  A fungus (D:8)
2 creatures vanquished.

Grand Total: 266 creatures vanquished

Notes
Turn   | Place    | Note
--------------------------------------------------------------
     0 | D:1      | kae, the Draconian Transmuter, began the quest for the Orb.
     0 | D:1      | Reached XP level 1. HP: 16/16 MP: 3/3
   175 | D:1      | Reached XP level 2. HP: 23/23 MP: 4/4
   814 | D:2      | HP: 1/23 [poisoned by an adder]
   830 | D:2      | Reached skill level 4 in Unarmed Combat
   830 | D:2      | Reached XP level 3. HP: 8/28 MP: 6/6
  1556 | D:3      | Reached XP level 4. HP: 16/35 MP: 7/7
  1562 | D:3      | Reached skill level 5 in Unarmed Combat
  1562 | D:3      | Reached XP level 5. HP: 17/40 MP: 7/9
  1803 | D:3      | Learned a level 2 spell: Sticks to Snakes
  1807 | D:3      | Learned a level 3 spell: Spider Form
  1852 | D:3      | HP: 2/40 [adder (4)]
  2062 | D:3      | Noticed a scorpion
  2074 | D:3      | Killed a scorpion
  2074 | D:3      | Reached XP level 6. HP: 43/47 MP: 3/10
  2340 | D:2      | Reached skill level 6 in Unarmed Combat
  3207 | D:3      | Reached skill level 1 in Shields
  3616 | D:4      | Your scales start fading to a pale cyan-grey colour.
  3616 | D:4      | Reached XP level 7. HP: 40/52 MP: 12/12
  4136 | D:4      | Reached skill level 7 in Unarmed Combat
  4238 | D:5      | Entered Level 5 of the Dungeon
  4620 | D:5      | Found a glowing golden altar of the Shining One.
  4830 | D:5      | Noticed emiel's ghost (experienced HaAs)
  4867 | D:5      | Killed emiel's ghost
  4867 | D:5      | Reached skill level 8 in Unarmed Combat
  4867 | D:5      | Reached skill level 5 in Transmutations
  4867 | D:5      | Reached XP level 8. HP: 45/59 MP: 13/13
  4997 | D:5      | Found a basalt altar of Yredelemnul.
  5695 | D:6      | Found a staircase to the Ecumenical Temple.
  5710 | Temple   | Entered the Ecumenical Temple
  5752 | Temple   | Became a worshipper of Ashenzari the Shackled
  5813 | D:6      | Identified a scroll of acquirement
  5990 | D:6      | Reached skill level 9 in Unarmed Combat
  6980 | D:7      | Reached XP level 9. HP: 59/64 MP: 14/14
  6987 | D:7      | Learned a level 5 spell: Blade Hands
  7502 | D:7      | Reached skill level 5 in Shields
  7958 | D:7      | Reached skill level 10 in Unarmed Combat
  9216 | D:8      | Found a staircase to the Lair.
  9313 | D:8      | Noticed Duvessa
  9313 | D:8      | Noticed Dowan
  9962 | D:8      | Killed Duvessa
  9974 | D:8      | Killed Dowan
 10311 | Lair:1   | Entered Level 1 of the Lair of Beasts
 10375 | Lair:1   | Reached XP level 10. HP: 71/71 MP: 16/16
 10388 | Lair:1   | Reached skill level 11 in Unarmed Combat
 10441 | Lair:1   | Noticed a spiny frog
 10454 | Lair:1   | Killed a spiny frog
 11022 | Lair:1   | Noticed a spiny frog
 11063 | Lair:1   | Slain by a spiny frog

Action                   |  1- 3 |  4- 6 |  7- 9 | 10-12 || total
-------------------------+-------+-------+-------+-------++-------
Melee: Unarmed           |    21 |   133 |   761 |    52 ||   967
       Spear             |   167 |    78 |       |       ||   245
 Cast: Beastly Appendage |     4 |    14 |    31 |     4 ||    53
       Spider Form       |       |     3 |     7 |       ||    10
 Abil: Breathe Steam     |       |       |     2 |       ||     2
Evoke: Wand              |       |       |     1 |       ||     1
  Use: Potion            |     1 |     1 |     1 |     1 ||     4
       Scroll            |       |     1 |    11 |     3 ||    15
 Stab: Sleeping          |     1 |       |       |       ||     1
  Eat: Chunk             |     2 |     8 |    23 |     1 ||    34
       Fruit             |       |       |     1 |     2 ||     3
